 Seeded DCSS version 0.27-a0-1281-ge233d83 (webtiles) character file.

Game seed: 3375557939289291370 (custom seed)

127 AmazingTV the Sneak (level 4, 0/23 HPs)
             Began as a Spriggan Abyssal Knight on June 13, 2021.
             Was a Believer of Lugonu.
             Slain by an orc wizard (2 damage)
             ... on level 2 of the Dungeon.
             The game lasted 00:07:30 (2928 turns).

AmazingTV the Sneak (Spriggan Abyssal Knight)       Turns: 2928, Time: 00:07:31

Health: 0/23       AC:  2    Str:  9    XL:     4   Next: 85%
Magic:  6/6        EV: 18    Int: 13    God:    Lugonu [**....]
Gold:   129        SH:  0    Dex: 14    Spells: 3/3 levels left

rFire    . . .     SeeInvis +   a - +1 dagger (distort)
rCold    . . .     Faith    .   (shield restricted)
rNeg     . . .     Spirit   .   b - +0 robe
rPois    .         Reflect  .   (helmet restricted)
rElec    .         Harm     .   (no cloak)
rCorr    .         Rampage  .   (gloves unavailable)
Will     .....                  (boots unavailable)
Stlth    +++.......             f - amulet of the acrobat
HPRegen  0.07/turn              (no ring)
MPRegen  0.10/turn              (no ring)

@: very quick
A: very small, no large weapons, unfitting armour, see invisible, speed 3
a: Renounce Religion, Depart the Abyss, Bend Space


You were on level 2 of the Dungeon.
You worshipped Lugonu.
Lugonu was pleased with you.
You visited 1 branch of the dungeon, and saw 3 of its levels.
You visited the Abyss 1 time.

You collected 129 gold pieces.

Inventory:

Hand Weapons
 a - a +1 dagger of distortion (weapon)
 c - a +1 hand axe
Armour
 b - a +0 robe (worn)
Jewellery
 f - an amulet of the acrobat (around neck)
 g - a ring of fire
Scrolls
 d - a scroll of fog {unknown}
 e - 5 scrolls of identify {unknown}
 h - a scroll of noise {unknown}
 i - a scroll of immolation {unknown}


   Skills:
 - Level 2.6 Fighting
 * Level 2.8 Short Blades
 - Level 1.6 Axes
 + Level 4.1 Dodging
 * Level 4.2 Stealth
 - Level 1.7 Invocations


You had 3 spell levels left.
You didn't know any spells.
Your spell library was empty.

Dungeon Overview and Level Annotations

Branches:
Dungeon (3/15)

Altars:

Shops:
D:2 [


Innate Abilities, Weirdness & Mutations

You are very small and have problems with some larger weapons.
You are too small for most types of armour.
You have supernaturally acute eyesight. (SInv)
You cover ground extremely quickly. (Speed+++)


Message History

The orc wizard is moderately wounded.
The orc wizard hits you but does no damage.
You closely miss the orc wizard.
The orc wizard is moderately wounded.
The orc wizard hits you but does no damage.
You hit the orc wizard but do no damage.
Space bends around the orc wizard.
The orc wizard is heavily wounded.
You closely miss the orc wizard.
The orc wizard is heavily wounded.
The orc wizard misses you.
You hit the orc wizard but do no damage.
Space bends around the orc wizard.
The orc wizard is almost dead.
The orc wizard gestures wildly while chanting.
The orc wizard flickers and vanishes for a moment.
You barely miss the orc wizard.
The orc wizard is almost dead.
The orc wizard points at you and mumbles some strange words.
The magic dart hits you.
You barely miss the orc wizard.
The orc wizard is almost dead.
The orc wizard gestures at you while chanting.
The magic dart hits you!
You are too injured to fight recklessly!
You closely miss the orc wizard.
The orc wizard is almost dead.
The orc wizard barely misses you.
You closely miss the orc wizard.
The orc wizard is severely wounded.
You hit the orc wizard but do no damage.
Space bends around the orc wizard.
The orc wizard is almost dead.
The orc wizard casts a spell at you. The magic dart hits you!
* * * LOW HITPOINT WARNING * * *
You closely miss the orc wizard.
The orc wizard is almost dead.
The orc wizard hits you with a +0 dagger.
You die...

#.# ##.#.##.## ###.# #.#
#.#.##..##### #.# ##.##
#.#.###.....######.. #.>.#
#...###.........###. #...#
##....#.........# ## #.o.#
##.#...........####
#...############.###.............
#....o.........................#.
#...#########...@.)>....######..∩
#...# #####....o....#....# ###.
#...# #...######).....##.####..
#...# ###)....#.......##.......
##### #####.........#########
###.......# # #......## #.......#
#.......#


You could see an orc wizard (invisible).

Vanquished Creatures
  An orc priest (D:3)
  3 adders (D:2)
  2 worms (D:2)
  3 dart slugs
  An orc (D:3)
  3 bats
  7 endoplasms
  3 giant cockroaches
  6 goblins
  5 hobgoblins
  2 jackals (D:1)
  2 quokkas
  A ball python (D:1)
  5 frilled lizards
  7 kobolds
  A rat (D:1)
52 creatures vanquished.

Notes
Turn   | Place    | Note
-------+----------+-------------------------------------------
     0 | Abyss:1  | AmazingTV the Spriggan Abyssal Knight began the quest for
                  | the Orb.
     0 | Abyss:1  | Reached XP level 1. HP: 11/11 MP: 3/3
    39 | D:1      | Escaped the Abyss
   696 | D:1      | Found a faded altar of an unknown god.
   745 | D:1      | Reached skill level 1 in Stealth
   745 | D:1      | Reached XP level 2. HP: 12/16 MP: 4/4
   859 | D:1      | Reached skill level 1 in Short Blades
   963 | D:1      | Reached ** piety under Lugonu
  1305 | D:1      | Reached XP level 3. HP: 19/19 MP: 5/5
  1878 | D:2      | Reached XP level 4. HP: 22/23 MP: 6/6
  2028 | D:2      | Found Reesocobb's Armour Boutique.
  2587 | D:3      | HP: 1/23 [orc wizard (1)]
  2928 | D:2      | Slain by an orc wizard

Illustrated notes

Levels and vault maps discovered:
D:1:      dpeg_arrival_three_smaller_balls, layout_rooms,
          hellmonk_ecumenical_altar_prayer_group, minmay_split_cup_large
D:2:      layout_rooms, serial_shops, nicolae_shop_crystal
D:3:      layout_basic, lemuel_coloured_pillars_altar,
          nicolae_overflow_hidden_temple

Skill      XL: |  1  2  3  4 |
---------------+-------------+-----
Stealth        | 1 2 3 4 |  4.2
Short Blades   | 1 2 |  2.8
Dodging        | 4 |  4.1
Fighting       | |  2.6
Axes           | |  1.6
Invocations    | |  1.7

Action                   |  1- 3 |  4- 6 || total
-------------------------+-------+-------++-------
Melee: Hand axe          |    14 |       ||    14
       Dagger            |    70 |    55 ||   125
 Stab: Sleeping          |     4 |     2 ||     6
       Distracted        |     1 |     1 ||     2
Armor: Robe              |     3 |     4 ||     7
Dodge: Dodged            |    60 |    30 ||    90

Table legend: (Time is in decaauts)
 A = Elapsed time spent in this place.
 B = Non-inter-level travel time spent in this place.
 C = Inter-level travel time spent in this place.
 D = Time resting spent in this place.
 E = Time spent auto-exploring this place.
 F = Levels seen in this place.
 G = Mean time per level.
                   A        B        C        D        E       F      G
               +--------+--------+--------+--------+--------+-----+--------+
         Total |   2503 |   2485 |     18 |   1479 |    645 |   4 |  625.8 |
       Dungeon |   2479 |   2461 |     18 |   1479 |    623 |   3 |  826.3 |
         Abyss |     23 |     23 |      0 |      0 |     22 |   1 |   23.0 |
               +--------+--------+--------+--------+--------+-----+--------+

Top non-repeatable levels by time:
     D:1: 1705 daAuts
     D:2: 747 daAuts
     D:3: 26 daAuts
 Abyss:1: 23 daAuts
